 Dungeon Crawl Stone Soup version 0.24.0-125-gc4c63601f3 (webtiles) character file.

Game seed: 15465230006211097949, levelgen mode: deterministic

15831 scherben the Severer (level 12, -21/86 HPs)
             Began as a Formicid Fighter on Feb 19, 2020.
             Was a High Priest of Makhleb.
             Demolished by Erolcha
             ... wielding a +0 giant club
              (22 damage)
             ... on level 1 of the Orcish Mines on Feb 20, 2020.
             The game lasted 01:36:49 (13360 turns).

scherben the Severer (Formicid Fighter)            Turns: 13360, Time: 01:36:49

Health: -21/86     AC: 15    Str: 25    XL:     12   Next: 62%
Magic:  0/12       EV:  9    Int:  9    God:    Makhleb [*****.]
Gold:   1274       SH: 12    Dex: 15    Spells: 11/11 levels left

rFire    . . .     SeeInvis +   a - +0 battleaxe
rCold    . . .     Gourm    .   c - +0 shield
rNeg     . . .     Faith    .   S - +0 plate armour
rPois    +         Spirit   +   (helmet unavailable)
rElec    .         Reflect  .   (no cloak)
rCorr    .         Harm     .   (no gloves)
MR       +....                  z - +0 pair of boots
Stlth    ..........             N - amulet of guardian spirit
HPRegen  0.24/turn              G - ring of poison resistance
MPRegen  0.13/turn              u - +5 ring of dexterity

@: no status effects
A: permanent stasis, dig shafts and tunnels, four strong arms, antennae 3
a: Dig, Shaft Self, Minor Destruction, Lesser Servant of Makhleb, Major
Destruction, Greater Servant of Makhleb, Renounce Religion


You were on level 1 of the Orcish Mines.
You worshipped Makhleb.
Makhleb was extremely pleased with you.
You were hungry.

You visited 3 branches of the dungeon, and saw 14 of its levels.

You collected 1274 gold pieces.

Inventory:

Hand Weapons
 a - a +0 battleaxe (weapon)
 b - a +0 hunting sling
 H - a +1 flail of holy wrath
 U - a +2 dagger of electrocution
Missiles
 x - 2 poisoned darts (quivered)
 B - 24 boomerangs
 J - 28 sling bullets
 Q - 3 javelins
 R - a throwing net
 X - 5 boomerangs of dispersal
Armour
 c - a +0 shield (worn)
 z - a +0 pair of boots (worn)
 I - a +0 chain mail of cold resistance
 S - a +0 plate armour (worn)
Jewellery
 t - an uncursed ring of resist corrosion
 u - a +5 ring of dexterity (right hand)
 G - a ring of poison resistance (left hand)
 L - a +2 amulet of reflection
 N - an amulet of guardian spirit (around neck)
Wands
 g - a wand of iceblast (11)
 p - a wand of paralysis (6)
 s - a wand of digging (1)
 E - a wand of polymorph (9)
 V - a wand of flame (15)
Scrolls
 d - a scroll of silence {unknown}
 i - a scroll of immolation {unknown}
 j - 2 scrolls of noise {unknown}
 k - 3 scrolls of fog
 l - 3 scrolls of blinking {unknown}
 o - a scroll of amnesia
 q - a scroll of enchant weapon
 y - a scroll of random uselessness {unknown}
 A - 2 scrolls of magic mapping
 D - a scroll of enchant armour {unknown}
 O - a scroll of brand weapon {unknown}
 P - a scroll of fear {unknown}
 W - 2 scrolls of remove curse
Potions
 e - a potion of ambrosia {unknown}
 h - 3 potions of invisibility {unknown}
 n - 2 potions of mutation
 r - a potion of magic {unknown}
 v - 2 potions of flight
 w - 7 potions of curing
 F - 3 potions of lignification {unknown}
 K - a potion of haste {unknown}
 Z - a potion of brilliance {unknown}
Miscellaneous
 m - a sack of spiders
Comestibles
 f - 28 rations
 C - 33 chunks of flesh


   Skills:
 + Level 5.5 Fighting
 * Level 15.2 Axes
 - Level 9.4 Armour
 + Level 3.0 Dodging
 - Level 9.0 Shields


You had 11 spell levels left.
You didn't know any spells.
Your spell library contained the following spells:

 Spells                   Type           Power        Failure   Level  Hunger
 Animate Skeleton         Necr           N/A          99%         1    ##.....
 Apportation              Tloc           #.....       99%         1    ##.....
 Confusing Touch          Hex            #.....       99%         1    ##.....
 Summon Small Mammal      Summ           #...         99%         1    ##.....


Dungeon Overview and Level Annotations

Branches:
Dungeon (12/15)            Temple (1/1) D:4            Lair (0/6) D:10
    Orc (1/2) D:11

Altars:
Ashenzari
Cheibriados
Dithmenos
Elyvilon
Fedhas
Gozag
Hepliaklqana
Kikubaaqudgha
Makhleb
Nemelex Xobeh
Okawaru
Qazlal
Ru
Sif Muna
Trog
Uskayaw
Vehumet
Wu Jian
Xom
Yredelemnul
Zin
The Shining One

Annotations:
D:10 3 runed translucent doors, exclusion: 3 doors, Ulophu's ghost, journeyman TrMo
D:11 3 runed translucent doors, exclusion: 3 doors, spacerossing's ghost, journeyman GrFi
Orc:1 Erolcha


Innate Abilities, Weirdness & Mutations

You cannot be hasted, slowed, berserked, paralysed or teleported.
You can dig through walls and to a lower floor.
Your four strong arms can wield two-handed weapons with a shield.
You have a pair of large antennae on your head. (SInv)


Message History

Erolcha blinks!
You block the two-headed ogre's attack. x2
Erolcha hits you with a +0 giant club!!
* * * LOW HITPOINT WARNING * * *
Items here: )))))))))) ÷÷÷÷
Okay, then.
There is an open door, spattered with blood here.
Items here: )))))) ÷÷÷ Erolcha casts a spell.
Erolcha blinks!
You block the two-headed ogre's attack. The two-headed ogre barely misses you.
Erolcha gestures wildly while chanting.
Erolcha blinks!
Erolcha gestures at you while chanting.
The fireball explodes!
The fireball engulfs you!
* * * LOW HITPOINT WARNING * * *
You barely miss Erolcha.
Erolcha is severely wounded.
Erolcha hits you with a +0 giant club!!
You die...

##.....OO.{.......####.##
###.....#####.....##...#
##≈....# #O.....##.##
#≈≈..## ##.O##.##...#
##≈### ##...# ###..## ###
#...O# ##...#
#....###....##
###.O##......# ######
##...@.......#
#....#######....#O.....##
.........>.##.##...#..##
.....#..#..######.)....#
..#...#...[[#..###..#..##
.###.....[.[....#)......#
## ##....#)......#..##.##
#....###....##.#####
##..## #...##...#


You could see 2 two-headed ogres, Erolcha and 2 ogres.

Vanquished Creatures
  A hydra (D:11)
  A centaur warrior (D:10)
  7 two-headed ogres
  A komodo dragon (D:11)
  2 trolls
  A hippogriff (D:10)
  8 yaks
  3 hogs
  A vampire (D:9)
  A human (D:6)
  A steam dragon (D:10)
  A hungry ghost (D:10)
  A warg (D:11)
  A water moccasin (D:11)
  A hornet zombie (D:7)
  11 orc warriors
  An eye of draining (D:11)
  A sky beast (D:6)
  5 ice beasts
  A swamp drake (D:6)
  18 ogres
  2 phantoms
  4 centaurs
  A crocodile (D:9)
  2 big kobolds
  12 bullfrogs
  A wyvern zombie (D:10)
  A water moccasin skeleton (D:7)
  5 wights
  3 crimson imps
  2 bullfrog zombies
  A centaur zombie (D:7)
  3 jellies
  5 hounds
  A centaur skeleton (D:10)
  8 orc priests
  11 orc wizards
  Ijyb (D:3)
  2 bullfrog skeletons
  Jessica (D:3)
  6 iguanas
  4 worker ants
  A hound zombie (D:9)
  A hound skeleton (D:5)
  A worker ant zombie (D:11)
  Robin (D:2)
  12 adders
  4 shadow imps
  2 oozes
  3 adder skeletons
  3 worms
  3 dart slugs
  5 leopard geckos
  49 orcs
  3 ball pythons
  14 bats
  7 giant cockroaches
  11 goblins
  15 hobgoblins
  27 jackals
  3 quokkas
  3 frilled lizards
  18 kobolds
  A leopard gecko skeleton (D:6)
  7 rats
  A plant (D:10)
339 creatures vanquished.

Vanquished Creatures (others)
  A centaur skeleton (D:10)
  A goblin (D:3)
2 creatures vanquished.

Grand Total: 341 creatures vanquished

Notes
Turn   | Place    | Note
-------+----------+-------------------------------------------
     0 | D:1      | scherben the Formicid Fighter began the quest for the Orb.
     0 | D:1      | Reached XP level 1. HP: 18/18 MP: 1/1
   203 | D:1      | Reached XP level 2. HP: 24/24 MP: 2/2
   567 | D:1      | Reached XP level 3. HP: 29/29 MP: 3/3
   912 | D:2      | Reached XP level 4. HP: 37/37 MP: 4/4
  1131 | D:2      | Found a burning altar of Makhleb.
  1138 | D:2      | Became a worshipper of Makhleb the Destroyer
  1350 | D:3      | Found an opulent altar of Gozag.
  1351 | D:3      | Noticed Robin
  1412 | D:3      | Reached skill level 3 in Axes
  1412 | D:3      | Reached XP level 5. HP: 42/42 MP: 5/5
  1505 | D:3      | Noticed Jessica
  1513 | D:3      | Killed Jessica
  1620 | D:3      | Reached skill level 4 in Axes
  1625 | D:3      | Reached XP level 6. HP: 33/48 MP: 6/6
  1874 | D:2      | Killed Robin
  1874 | D:2      | Reached * piety under Makhleb
  2503 | D:3      | Noticed Ijyb
  2537 | D:3      | Killed Ijyb
  2644 | D:4      | Found a staircase to the Ecumenical Temple.
  2650 | D:4      | Noticed an ogre
  3036 | D:3      | Killed an ogre
  3036 | D:3      | Reached skill level 5 in Axes
  3036 | D:3      | Reached skill level 5 in Armour
  3036 | D:3      | Reached XP level 7. HP: 46/53 MP: 7/7
  4042 | D:4      | Reached skill level 6 in Axes
  4175 | Temple   | Entered the Ecumenical Temple
  4511 | D:4      | Found a hazy altar of Hepliaklqana.
  4600 | D:5      | Entered Level 5 of the Dungeon
  4625 | D:5      | Reached ** piety under Makhleb
  4685 | D:5      | Reached XP level 8. HP: 52/60 MP: 8/8
  4886 | D:5      | Found an iron altar of Okawaru.
  4905 | D:5      | Reached skill level 7 in Axes
  5717 | D:6      | Reached skill level 8 in Axes
  5739 | D:6      | Found a radiant altar of Vehumet.
  5955 | D:6      | Reached XP level 9. HP: 54/65 MP: 9/9
  6026 | D:6      | Reached skill level 9 in Axes
  6240 | D:6      | Found a glowing silver altar of Zin.
  6574 | D:7      | Found a stormy altar of Qazlal.
  6576 | D:7      | Found a hide-covered altar of Uskayaw.
  6817 | D:7      | Reached *** piety under Makhleb
  6946 | D:7      | Reached skill level 10 in Axes
  7350 | D:7      | Found a shimmering altar of Xom.
  7351 | D:7      | Found a shimmering altar of Xom.
  7512 | D:6      | Reached XP level 10. HP: 71/71 MP: 10/10
  7591 | D:7      | Found a blossoming altar of Fedhas.
  7650 | D:7      | Reached skill level 11 in Axes
  8555 | D:8      | Found a sparkling altar of Nemelex Xobeh.
  8617 | D:8      | Found a snail-covered altar of Cheibriados.
  8617 | D:8      | Found a sacrificial altar of Ru.
  8852 | D:9      | Reached **** piety under Makhleb
  9019 | D:9      | Reached skill level 5 in Shields
  9296 | D:9      | You fall into a shaft and drop 3 floors!
  9339 | D:10     | Entered Level 10 of the Dungeon
  9363 | D:10     | Reached skill level 12 in Axes
  9556 | D:10     | Noticed a two-headed ogre
 10034 | D:9      | Reached XP level 11. HP: 56/76 MP: 8/11
 10178 | D:10     | Found a runed translucent gate.
 10178 | D:10     | Found a runed translucent gate.
 10178 | D:10     | Found a runed translucent gate.
 10179 | D:10     | Noticed a manticore
 10179 | D:10     | Noticed Ulophu's ghost (journeyman TrMo)
 10319 | D:10     | Noticed a centaur warrior
 10366 | D:10     | Killed a centaur warrior
 10374 | D:10     | Reached skill level 13 in Axes
 10847 | D:10     | Found a staircase to the Lair.
 10948 | D:10     | Killed a two-headed ogre
 11042 | D:11     | Noticed a two-headed ogre
 11090 | D:11     | Noticed a two-headed ogre
 11112 | D:10     | Killed a two-headed ogre
 11226 | D:11     | Killed a two-headed ogre
 11450 | D:11     | Found a runed translucent gate.
 11450 | D:11     | Found a runed translucent gate.
 11453 | D:11     | Found a runed translucent gate.
 11453 | D:11     | Noticed a green ugly thing
 11460 | D:11     | Noticed a minotaur
 11461 | D:11     | Noticed spacerossing's ghost (journeyman GrFi)
 11503 | D:11     | Noticed a five-headed hydra
 11508 | D:11     | Killed a five-headed hydra
 11508 | D:11     | Reached skill level 14 in Axes
 11637 | D:11     | Reached ***** piety under Makhleb
 11712 | D:11     | Reached XP level 12. HP: 64/83 MP: 9/12
 11723 | D:11     | Found a staircase to the Orcish Mines.
 12365 | Orc:1    | Entered Level 1 of the Orcish Mines
 12477 | Orc:1    | Noticed an ettin
 13000 | Orc:1    | Reached skill level 1 in Dodging
 13256 | Orc:1    | Noticed a two-headed ogre
 13256 | Orc:1    | Noticed a two-headed ogre
 13256 | Orc:1    | Noticed a two-headed ogre
 13263 | Orc:1    | Killed a two-headed ogre
 13269 | Orc:1    | Killed a two-headed ogre
 13269 | Orc:1    | Reached skill level 5 in Fighting
 13271 | Orc:1    | Reached skill level 15 in Axes
 13278 | Orc:1    | Killed a two-headed ogre
 13307 | Orc:1    | Noticed a two-headed ogre
 13308 | Orc:1    | Noticed a two-headed ogre
 13308 | Orc:1    | Noticed a two-headed ogre
 13309 | Orc:1    | Noticed Erolcha
 13321 | Orc:1    | Killed a two-headed ogre
 13358 | Orc:1    | HP: 1/86 [Erolcha/fireball (13)]
 13360 | Orc:1    | Demolished by Erolcha

Levels and vault maps discovered:
D:1:      minmay_arrival_four_circles, layout_basic, st_stairs_4
D:2:      layout_basic, lemuel_round_altar, feat_on_display
D:3:      minmay_angry_zag, layout_loops_corners, grunt_gozag_statues,
          chequers_serial_rivers_micro_c, uniq_ijyb, uniq_robin, uniq_jessica
D:4:      layout_loops_cross, nicolae_overflow_hidden_temple,
          minmay_temple_entry_grid
D:5:      layout_basic, first_ration, grunt_ministairs_14, okawaru_trees_1
D:6:      layout_cave_pools, zin_academy, kennysheep_mini
D:7:      layout_basic, chequers_temple_overflow_statue_of_worship,
          xom_redecorated, fedhas_bush_and_centaur_altar, grunt_livestock
D:8:      layout_rooms, marbit_many_paths, amethyst_overflow_temple_binary
D:9:      wad_river_or_something, layout_basic
D:10:     layout_cave_pods, dpeg_oklobed_lair, gammafunk_ghost_split,
          st_stairs_10
D:11:     layout_loops_ring, erik_orc_3, maelrawn_ghost_gauntlet_escape
D:12:     layout_basic, elyvilon_altar_3
Temple:   dpeg_three_leaves_temple
Orc:1:    lemuel_ogre_cave, layout_caves

Skill      XL: |  1  2  3  4  5  6  7  8  9 10 11 12 |
---------------+-------------------------------------+-----
Shields        | 4 6 9 |  9.0
Axes           | 3 4 5 6 8 10 12 14 15 | 15.2
Armour         | 4 5 6 7 8 9 |  9.4
Fighting       | 5 |  5.5
Dodging        | 3 |  3.0

Action                   |  1- 3 |  4- 6 |  7- 9 | 10-12 || total
-------------------------+-------+-------+-------+-------++-------
Melee: War axe           |    81 |   174 |   476 |    96 ||   827
       Battleaxe         |       |       |       |   544 ||   544
Throw: Boomerang         |       |       |     6 |     3 ||     9
       Dart              |       |       |       |     2 ||     2
 Abil: Dig               |       |       |       |     4 ||     4
Evoke: Wand              |       |       |     1 |     6 ||     7
  Use: Scroll            |       |       |     8 |     8 ||    16
       Potion            |       |       |       |     5 ||     5
  Eat: Chunk             |       |     7 |    12 |    23 ||    42
       Ration            |       |       |     1 |       ||     1
Armor: Scale mail        |    57 |    70 |    34 |       ||   161
       Chain mail        |       |       |   142 |    19 ||   161
       Plate armour      |       |       |       |   259 ||   259
Dodge: Dodged            |    23 |    60 |   118 |   157 ||   358
Block: Shield            |    46 |    92 |   269 |   373 ||   780
       Reflection        |       |       |     1 |       ||     1
